 Dungeon Crawl Stone Soup version 0.31-a0-263-ge8cad7f256 (webtiles) character file.

Game seed: 11029155544782818194

40 qw the Shooter (level 3, -7/21 HPs)
             Began as a Gargoyle Hexslinger on July 13, 2023.
             Mangled by Sigmund
             ... wielding a +0 scythe
              (10 damage)
             ... on level 2 of the Dungeon.
             The game lasted 00:00:20 (1163 turns).

qw the Shooter (Gargoyle Hexslinger)                Turns: 1163, Time: 00:00:21

Health: -7/21      AC:  9    Str: 11    XL:     3   Next: 50%
Magic:  4/4        EV: 10    Int: 13    God:
Gold:   54         SH:  0    Dex: 14    Spells: 3/4 levels left

rFire   . . .        Y - +1 sling
rCold   . . .        (no shield)
rNeg    + . .        h - +0 ring mail
rPois   inf          (no helmet)
rElec   +            (no cloak)
rCorr   .            (no gloves)
SInv    .            i - +0 pair of boots
Will    .....        (no amulet)
Stlth   +            (no ring)
HPRegen 0.23/turn    (no ring)
MPRegen 0.09/turn

%: no passive effects
@: no status effects
A: sickness immunity, AC +3, negative energy resistance 1, electricity
resistance, torment resistance 1, petrification resistance
a: no special abilities


You were on level 2 of the Dungeon.
You visited 1 branch of the dungeon, and saw 2 of its levels.

You collected 54 gold pieces.


Innate Abilities, Weirdness & Mutations

You are immune to sickness and miasma.
Your stone body is resilient. (AC +3)
You are immune to poison.
You resist negative energy. (rN+)
You are resistant to electric shocks. (rElec)
You are resistant to unholy torment.
You are immune to petrification.


   Skills:
 - Level 2.0 Fighting
 + Level 3.2 Ranged Weapons
 - Level 1.0 Armour
 - Level 1.5 Dodging
 - Level 1.0 Spellcasting
 - Level 2.6 Hexes


You had 3 spell levels left.
You knew the following spells:

 Your Spells              Type           Power      Damage    Failure   Level
a - Slow                  Hex            28%        N/A       22%         1

Your spell library contained the following spells:

 Spells                   Type           Power      Damage    Failure   Level
 Inner Flame              Hex/Fire       4%         N/A       75%         3
 Portal Projectile        Hex/Tloc       8%         N/A       75%         3
 Cause Fear               Hex            3%         N/A       91%         4

Inventory:

Hand Weapons
 Y - a +1 sling (weapon)
Armour
 h - a +0 ring mail (worn)
 i - a +0 pair of boots (worn)
Scrolls
 a - 2 scrolls of identify

Dungeon Overview and Level Annotations

Branches:
Dungeon (2/15)

Altars:

Annotations:
D:2 Sigmund


Message History

Sigmund closely misses you.
You shoot a sling bullet.
The sling bullet completely misses Sigmund.
Sigmund points at you and mumbles some strange words.
You resist with significant effort.
Sigmund hits you from afar with a +0 scythe.
You shoot a sling bullet.
The sling bullet closely misses Sigmund.
You shoot a sling bullet. The sling bullet hits Sigmund.
Sigmund is moderately wounded.
Sigmund hits you but does no damage.
You shoot a sling bullet. The sling bullet hits Sigmund!
Sigmund is heavily wounded.
Sigmund gestures wildly while chanting.
Sigmund flickers and vanishes!
Deactivating autopickup; reactivate with Ctrl-A.
Something hits you.
You shoot a sling bullet. Something hits you!
You shoot a sling bullet. You shoot a sling bullet.
Something hits you but does no damage.
You shoot a sling bullet. Something hits you but does no damage.
You shoot a sling bullet. Something hits you.
You shoot a sling bullet. Something hits you.
You shoot a sling bullet.
You hear some strange, mumbled words.
Something tries to affect you, but you resist.
Something hits you but does no damage.
You shoot a sling bullet. You shoot a sling bullet.
Something hits you but does no damage.
You shoot a sling bullet. Something hits you.
You shoot a sling bullet. Something hits you!
You die...

#.##..#
##.##..#
##..##..# .
#...##..#
..#####.#.##..#
..........#...#
#....##.....#
..#...........#
.......@.##.#.#
............#.#
.......{......#
<.........#.#.#
..............#
............###
.!...........
....#.........


There were no monsters in sight!

Vanquished Creatures
  An adder (D:2)
  A gnoll (D:1)
  A dart slug (D:1)
  3 endoplasms (D:1)
  2 giant cockroaches
  2 hobgoblins (D:1)
  2 kobolds (D:1)
  2 bats (D:1)
  A frilled lizard (D:1)
  2 goblins
  3 rats (D:1)
20 creatures vanquished.

Notes
Turn   | Place    | Note
-------+----------+-------------------------------------------
     0 | D:1      | qw the Gargoyle Hexslinger began the quest for the Orb.
     0 | D:1      | Reached XP level 1. HP: 12/12 MP: 2/2
     0 | D:1      | 0 ||| qw: Version: 0.3-a-52-g30416fa
     0 | D:1      | 0 ||| qw: Game counter: 7548
     0 | D:1      | 0 ||| qw: Melee chars always use a shield: true
     0 | D:1      | 0 ||| qw: God list: Okawaru
     0 | D:1      | 0 ||| qw: Allow faded altars: false
     0 | D:1      | 0 ||| qw: Do Orc after clearing Dungeon:15 true
     0 | D:1      | 0 ||| qw: Do second Lair branch before Depths: true
     0 | D:1      | 0 ||| qw: Lair rune preference: random
     0 | D:1      | 0 ||| qw: Goals: Normal
     0 | D:1      | 0 ||| PLANNING D:1-11
    62 | D:1      | Reached skill level 3 in Ranged Weapons
    62 | D:1      | Reached XP level 2. HP: 16/16 MP: 3/3
   598 | D:1      | Reached XP level 3. HP: 21/21 MP: 4/4
   962 | D:1      | 962 ||| UPGRADING to +0 leather armour.
   972 | D:1      | 972 ||| DROPPING +0 robe.
   973 | D:1      | 973 ||| UPGRADING to +0 ring mail.
   983 | D:1      | 983 ||| DROPPING +0 leather armour.
   984 | D:1      | 984 ||| UPGRADING to +0 pair of boots.
   989 | D:1      | 989 ||| READING 4 scrolls labelled CEIQAPNUZXO.
   990 | D:1      | 990 ||| READING scroll labelled OFIUFI KILALUPN.
   993 | D:1      | 993 ||| READING scroll labelled ZEERAUQYLE.
   994 | D:1      | 994 ||| READING 3 scrolls of identify.
   994 | D:1      | 994 ||| IDENTIFYING bubbling inky potion
   995 | D:1      | 995 ||| DROPPING scroll of poison.
   996 | D:1      | 996 ||| DROPPING potion of lignification.
  1088 | D:2      | Reached skill level 1 in Armour
  1143 | D:2      | Noticed Sigmund
  1158 | D:2      | HP: 5/21 [something (2)]
  1163 | D:2      | Mangled by Sigmund

Levels and vault maps discovered:
D:1:      minmay_arrival_wavy_path, layout_loops_corners, serial_forest,
          infiniplex_forest_end_double, infiniplex_forest_clump_long,
          infiniplex_forest_lined_room_2, infiniplex_forest_corner_2,
          infiniplex_forest_clump_long, infiniplex_forest_straight_3,
          minmay_stone_trees_small, minmay_misc_feat_hallway
D:2:      layout_basic, minmay_cupped, uniq_jessica, uniq_terence, uniq_sigmund

Skill      XL: |  1  2  3 |
---------------+----------+-----
Ranged Weapons | 3 |  3.2
Fighting       | 2 |  2.0
Armour         | 1 |  1.0
Dodging        | |  1.5
Spellcasting   | |  1.0
Hexes          | |  2.6

Action                     || total
---------------------------++-------
   Fire: Sling             ||    73
    Use: Scroll            ||     4
 Armour: Robe              ||     7
         Ring mail         ||     6
  Dodge: Dodged            ||    11

Table legend:
 A = Non-vault XP
 B = Vault XP
 C = Vault XP percentage of total XP
 D = Non-vault monster count
 E = Vault monster count
 F = Vault count percentage of total count
                 A         B        C        D         E       F
            +---------+---------+-------+---------+---------+-------
      Total |      58 |       0 |   0.0 |      20 |       0 |   0.0
            +---------+---------+-------+---------+---------+-------
        D:1 |      41 |       0 |   0.0 |      17 |       0 |   0.0
        D:2 |      17 |       0 |   0.0 |       3 |       0 |   0.0
            +---------+---------+-------+---------+---------+-------
